 Dungeon Crawl Stone Soup version 0.30-a0-553-g7fabdf1491 (webtiles) character file.

Game seed: 4665788253933742261

630431 jfcaron the Iron Dragon (level 26, -7/238 HPs)
             Began as a Grey Draconian Air Elementalist on Dec 27, 2022.
             Was the Champion of Vehumet.
             Killed from afar by a purple draconian shifter (44 damage)
             ... with a bolt of dispelling energy
             ... on level 1 of the Realm of Zot.
             The game lasted 04:50:54 (77895 turns).

jfcaron the Iron Dragon (DrAE)                     Turns: 77895, Time: 04:50:55

Health: -7/238     AC: 29    Str: 11    XL:     26   Next: 77%
Magic:  22/44      EV: 21    Int: 24    God:    Vehumet [******]
Gold:   10974      SH: 19    Dex: 18    Spells: 1/60 levels left

rFire   + + .      SeeInvis +    a - staff of earth
rCold   + . .      Faith    .    x - +5 kite shield
rNeg    + + .      Spirit   .    (body armour unavailable)
rPois   .          Reflect  .    G - +2 hat
rElec   +          Harm     .    W - scarf {rC+ rF+}
rCorr   +          Rampage  .    g - +2 pair of gloves
Will    +++..                    I - +2 pair of boots "Ubokk" {rElec rCorr Dex+5}
Stlth   ++                       u - amulet of Isef {RegenMP rN+ Will++}
HPRegen 0.59/turn                w - ring of the Will of the Gods {Fly rN+ SInv}
MPRegen 0.69/turn                K - +4 ring of protection

@: flying, studying Staves
A: AC +17, amphibious, unfitting armour, cold-blooded, dopey 1, fire resistance
1
}: 4/15 runes: barnacled, slimy, silver, gossamer
a: Renounce Religion


You were on level 1 of the Realm of Zot.
You worshipped Vehumet.
Vehumet was exalted by your worship.
You visited 13 branches of the dungeon, and saw 53 of its levels.
You also visited: Trove, Sewer, Bailey, Volcano and Desolation.

You collected 12361 gold pieces.
You spent 1387 gold pieces at shops.

Inventory:

Missiles
 c - 27 silver javelins {!f}
 o - 4 throwing nets {!f}
 t - 3 boomerangs of dispersal {!f}
 Q - 4 curare-tipped darts {!f}
Armour
 g - a +2 pair of gloves (worn)
 x - a +5 kite shield (worn)
 G - a +2 hat (worn)
 I - the +2 pair of boots "Ubokk" (worn) {rElec rCorr Dex+5}
   (You acquired it on level 1 of the Shoals)

   Dex:       It affects your dexterity (+5).
   rElec:     It insulates you from electricity.
   rCorr:     It protects you from acid and corrosion.
 W - a scarf of resistance (worn)
Magical Staves
 a - a staff of earth (weapon)
Jewellery
 u - the amulet of Isef (around neck) {RegenMP rN+ Will++}
   (You took it off a kobold on level 4 of the Dungeon)

   [amulet of magic regeneration]

   It increases your rate of magic regeneration.
   rN:        It protects you from negative energy.
   Will:      It greatly increases your willpower.
 w - the ring of the Will of the Gods (left hand) {Fly rN+ SInv}
   (You found it on level 3 of the Crypt)

   [ring of positive energy]

   rN:        It protects you from negative energy.
   SInv:      It lets you see invisible.
   Fly:       It grants you flight.
 K - a +4 ring of protection (right hand)
 S - a ring of protection from fire
 Z - a ring of poison resistance
Wands
 j - a wand of paralysis (21)
 k - a wand of roots (21)
 y - a wand of mindburst (5)
 C - a wand of quicksilver (16)
 H - a wand of digging (10)
Scrolls
 d - a scroll of torment
 i - 13 scrolls of immolation
 m - 29 scrolls of teleportation
 r - 7 scrolls of blinking
 B - 8 scrolls of fog
 L - 13 scrolls of poison
 N - 6 scrolls of silence
 O - 2 scrolls of butterflies
 P - 4 scrolls of fear
 V - 6 scrolls of magic mapping
 X - 6 scrolls of vulnerability
Potions
 e - 8 potions of might
 l - 6 potions of lignification
 n - 17 potions of brilliance
 p - 5 potions of invisibility
 q - 9 potions of magic
 s - a potion of resistance
 A - 5 potions of cancellation
 D - 17 potions of heal wounds
 E - 8 potions of ambrosia
 F - 12 potions of flight
 J - 15 potions of curing
 U - 5 potions of berserk rage
 Y - 4 potions of haste
Miscellaneous
 b - a condenser vane
 f - a box of beasts
 h - a tin of tremorstones (inert)
 M - a phial of floods
 R - a lightning rod (4/4)
 T - a phantom mirror


   Skills:
 + Level 19.7 Fighting
 - Level 12.0 Staves
 + Level 15.0 Dodging
 - Level 2.0 Stealth
 + Level 14.3 Shields
 + Level 17.8 Spellcasting
 + Level 22.9 Conjurations
 - Level 8.0 Summonings
 - Level 3.0 Translocations
 - Level 5.0 Air Magic
 O Level 27 Earth Magic
 + Level 13.6 Evocations


You had one spell level left.
You knew the following spells:

 Your Spells              Type           Power      Damage    Failure   Level
a - Shock                 Conj/Air       100%       1d9       0%          1
b - Passwall              Tmut/Erth      76%        N/A       1%          2
c - Airstrike             Air            22%        2d(4-20)  1%          4
d - Swiftness             Air            45%        N/A       1%          3
e - Apportation           Tloc           70%        N/A       1%          1
f - Magic Dart            Conj           100%       1d8       0%          1
g - Blink                 Tloc           70%        N/A       1%          2
h - Iron Shot             Conj/Erth      59%        9d11      0%          6
i - Lee's Rapid Deconstr  Erth           61%        3d28*     0%          5
j - Iskenderun's Battles  Conj           92%        2d14      0%          5
k - Spellforged Servitor  Conj/Summ      38%        N/A       1%          7
l - Shatter               Erth           61%        3d46*     1%          9
m - Statue Form           Tmut/Erth      61%        N/A       2%          6
n - Orb of Destruction    Conj           46%        9d12      1%          7

Your spell library contained the following spells:

 Spells                   Type           Power      Damage    Failure   Level
 Sandblast                Erth           100%       2d20      0%          1
 Foxfire                  Conj/Fire      100%       2x1d9     1%          1
 Summon Small Mammal      Summ           100%       N/A       1%          1
 Necrotise                Necr           84%        1d8       4%          1
 Sting                    Tmut/Pois      84%        1d7       4%          1
 Searing Ray              Conj           100%       2d8       0%          2
 Static Discharge         Conj/Air       100%       2-7/arc   0%          2
 Stone Arrow              Conj/Erth      100%       3d13      0%          3
 Momentum Strike          Conj/Tloc      100%       3d10      1%          2
 Poisonous Vapours        Pois/Air       66%        N/A       1%          2
 Scorch                   Fire           42%        2d7       1%          2
 Call Canine Familiar     Summ           56%        N/A       1%          3
 Dazzling Flash           Conj/Hex       100%       N/A       1%          3
 Hailstorm                Conj/Ice       66%        3d14      1%          3
 Kindle Blastsparks       Fire/Tloc/Air  68%        2d15      1%          3
 Mephitic Cloud           Conj/Pois/Air  60%        N/A       1%          3
 Flame Wave               Conj/Fire      66%        2d15      1%          4
 Fulminant Prism          Conj/Hex       33%        3d15      1%          4
 Iskenderun's Mystic Bla  Conj/Tloc      70%        2d14      1%          4
 Petrify                  Tmut/Erth      92%        N/A       1%          4
 Sticky Flame             Conj/Fire      66%        2d8       1%          4
 Arcjolt                  Conj/Air       36%        1d46      1%          5
 Fireball                 Conj/Fire      33%        3d14      1%          5
 Freezing Cloud           Conj/Ice/Air   30%        6-21      1%          5
 Irradiate                Conj/Tmut      33%        3d22      1%          5
 Lightning Bolt           Conj/Air       36%        1d54      1%          5
 Starburst                Conj/Fire      33%        6d10      1%          6
 Lehudib's Crystal Spear  Conj/Erth      59%        10d14     1%          8
 Summon Guardian Golem    Hex/Summ       40%        N/A       2%          3
 Vhi's Electric Charge    Tloc/Air       80%        N/A       2%          3
 Cigotuvi's Dreadful Rot  Necr/Pois/Air  58%        N/A       3%          2
 Gell's Gravitas          Tloc           35%        N/A       3%          3
 Ignite Poison            Fire/Tmut/Pois 21%        N/A       3%          3
 Inner Flame              Hex/Fire       21%        N/A       3%          3
 Teleport Other           Tloc           35%        N/A       3%          3
 Summon Lightning Spire   Summ/Air       51%        N/A       3%          4
 Ensorcelled Hibernation  Hex/Ice        42%        N/A       6%          2
 Sublimation of Blood     Necr           21%        N/A       6%          2
 Wereblood                Tmut           21%        N/A       6%          2
 Portal Projectile        Hex/Tloc       56%        N/A       7%          3
 Olgreb's Toxic Radiance  Pois           21%        N/A       11%         4
 Manifold Assault         Tloc           35%        N/A       12%         4
 Summon Forest            Summ/Tloc      23%        N/A       12%         5
 Ozocubu's Armour         Ice            21%        N/A       13%         3
 Tukima's Dance           Hex            21%        N/A       13%         3
 Summon Mana Viper        Hex/Summ       40%        N/A       22%         5
 Summon Cactus Giant      Summ           28%        N/A       24%         6
 Yara's Violent Unravell  Hex/Tmut       10%        3d6       28%         5
 Anguish                  Hex/Necr       10%        N/A       38%         4
 Animate Dead             Necr           21%        N/A       38%         4
 Cause Fear               Hex            10%        N/A       38%         4
 Dispel Undead            Necr           21%        3d11      38%         4
 Ice Form                 Ice/Tmut       21%        N/A       38%         4
 Silence                  Hex/Air        16%        N/A       38%         5
 Agony                    Necr           21%        N/A       75%         5
 Alistair's Intoxication  Tmut/Pois      14%        N/A       75%         5
 Blade Hands              Tmut           10%        N/A       75%         5
 Metabolic Englaciation   Hex/Ice        10%        N/A       75%         5
 Eringya's Noxious Bog    Tmut/Pois      10%        N/A       82%         6
 Dispersal                Tloc           17%        N/A       88%         6
 Chain Lightning          Conj/Air       36%        3d48      96%         9
 Dragon Form              Tmut           10%        N/A       100%        7
 Enfeeble                 Hex            10%        N/A       100%        7
 Haunt                    Necr/Summ      20%        N/A       100%        7
 Ozocubu's Refrigeration  Ice            10%        4d9       100%        7
 Storm Form               Tmut/Air       16%        N/A       100%        7
 Borgnjor's Revivificati  Necr           10%        N/A       100%        8
 Discord                  Hex            10%        N/A       100%        8
 Ignition                 Fire           10%        3d5       100%        8
 Infestation              Necr           10%        N/A       100%        8
 Maxwell's Capacitive Co  Air            22%        ∞         100%        8
 Death's Door             Necr           10%        N/A       100%        9
 Dragon's Call            Summ           28%        N/A       100%        9
 Fire Storm               Conj/Fire      33%        8d8       100%        9
 Polar Vortex             Ice            10%        N/A       100%        9
 Animate Armour           Summ/Erth      Unusable   N/A       N/A         4

Dungeon Overview and Level Annotations

Branches:
Dungeon (15/15)            Temple (1/1) D:4            Lair (5/5) D:11
 Shoals (4/4) Lair:3       Spider (4/4) Lair:2        Slime (5/5) Lair:4
    Orc (2/2) D:12            Elf (3/3) Orc:2        Vaults (5/5) D:13
  Crypt (3/3) Vaults:3       Tomb (0/3) Crypt:3      Depths (4/4) D:15
   Hell (visited)             Dis (0/7) Hell            Geh (0/7) Hell
    Coc (0/7) Hell            Tar (0/7) Hell            Zot (1/5) Depths:4
  Sewer (visited)          Bailey (visited)         Volcano (visited)
Desolation (visited)

Altars:
Cheibriados
Dithmenos
Elyvilon
Fedhas
Gozag
Hepliaklqana
Kikubaaqudgha
Makhleb
Okawaru
Qazlal
Ru
Sif Muna
Trog
Uskayaw
Vehumet
Wu Jian
Xom
Yredelemnul
The Shining One
Jiyva

Shops:
Orc:1 :*   Orc:2 (*[:   Elf:1 =   Vaults:2 *   Vaults:3 ([   Vaults:4 [
Depths:4 **

Portals:
Hell: Depths:1 Depths:2 Depths:3 Depths:4
Abyss: Depths:3 Depths:4
Pandemonium: Depths:2 Depths:4
Ziggurat: Depths:3


Innate Abilities, Weirdness & Mutations

Your dull iron-grey scales are very hard. (AC +17)
You are amphibious.
You cannot fit into any form of body armour.
You are cold-blooded and may be slowed by cold attacks.
You are dopey. (Int -2)
Your flesh is heat resistant. (rF+)


Message History

Evoke which item? (* to show all) (? for menu, Esc to quit)
Okay, then.
Unknown command.
The tremorstone explodes into fragments!
The burst of rock shards engulfs the purple draconian shifter!
The burst of rock shards engulfs the storm dragon but does no damage.
The burst of rock shards engulfs you but does no damage.
The burst of rock shards engulfs the purple draconian shifter!!
The burst of rock shards engulfs the storm dragon!
The burst of rock shards engulfs you but does no damage.
The burst of rock shards engulfs the purple draconian shifter but does no damage.
The burst of rock shards engulfs the storm dragon but does no damage.
The burst of rock shards engulfs you but does no damage.
The burst of rock shards engulfs the storm dragon but does no damage.
The burst of rock shards engulfs the purple draconian shifter!
The tin is emptied!
The grasping roots constrict the red draconian!
You feel sick.
You are no longer poisoned.
The roots release their grip on the red draconian.
The orb of destruction hits the storm dragon!!!
The storm dragon is blown up!
Vehumet accepts your kill.
The purple draconian shifter points at you and mumbles some strange words.
You resist with almost no effort.
The purple draconian shifter gestures wildly while chanting.
The purple draconian shifter blinks!
The red draconian breathes fire at you. The searing blast hits you. You resist.
* * * LOW HITPOINT WARNING * * *
The golden dragon breathes fire at you. The bolt of fire hits you! You resist.
* * * LOW HITPOINT WARNING * * *
Your spellforged servitor conjures an orb of pure magic.
There is a gate leading back out of this place, spattered with blood here.
Things that are here:
+0 gold dragon scales; a golden dragon corpse The purple draconian shifter breathes dispelling energy at you.
The bolt of dispelling energy hits you!!!
You die...

**,...........#...#..,,,,,,,,,
**,,.......)..........,,,,,,,,,
**,,,..................,,**,,,,,
**,,*,..........)........,,**,,**
*,,**,......)..9*...)...#,,,*,,,*
,,**,,.......†..........#.,,,,,,,
,**,,,.......[.....q......,,,,,,,
**,,,,.........†d.........,,,,,,*
*,,,,,..........@..)).....,,,,,,*
,,,**,..#..$.....†........,,,,,,,
,,**,,...........○.......#,,,,,,,
,**,,,..............D....#,,,,**,
**,,,,....................,*,,,**
*,,,,,,,#...........).....,,,,,,*
,,,,,,,*...⌠.)......).).#.,,,,,,,
*,,,,,,,#.................,**,,,*
**,,,**,......##..........,,,,,,,


You could see a golden dragon, a red draconian (catching breath), a purple
draconian shifter (catching breath, ally target) and a friendly spellforged
servitor (summoned).

Vanquished Creatures
  the Royal Jelly (Slime:5)
  2 dread liches
  Boris (Depths:4)
  Bai Suzhen (Elf:3)
  A curse toe (Crypt:3)
  Saint Roka (Crypt:3)
  4 caustic shrikes
  Geryon (Hell)
  6 golden dragons
  Nikola (Spider:4)
  Jory (Crypt:1)
  6 bone dragons
  2 doom hounds (Depths:2)
  2 Tzitzimimeh (Depths:2)
  An electric golem (Zot:1)
  A hellephant (Hell)
  2 walking crystal tomes
  The ghost of Maidghol the Stormcaller, an adept OpAE of Gozag (Elf:3)
  2 liches
  Mlioglotl (Shoals:1)
  Grunn (Depths:2)
  8 tentacled monstrosities
  2 deep elf blademasters (Elf:3)
  6 titans
  2 deep elf master archers (Elf:3)
  19 acid blobs
  8 ancient champions
  A quicksilver dragon (Depths:3)
  A death cob (Zot:1)
  A quicksilver dragon (shapeshifter) (Vaults:5)
  Polyphemus (Shoals:2)
  2 krakens (Shoals:3)
  10 sphinxes
  5 shadow dragons
  Donald (Elf:3)
  6 storm dragons
  Kirke (D:14)
  9 tengu reavers
  A revenant (Crypt:3)
  Ilsuiw (Shoals:2)
  A fenstrider witch (shapeshifter) (Vaults:5)
  2 draconian knights
  The ghost of Nucishy the Cloud Mage, an adept DrAE of Hepliaklqana (D:14)
  16 azure jellies
  12 rockslimes
  11 frost giants
  13 fire giants
  11 deep elf sorcerers
  2 draconian scorchers (Depths:4)
  4 iron dragons
  Aizul (Shoals:1)
  23 vault wardens
  The ghost of SirDiesAlot the Severer, a journeyman DsGl of Qazlal (Shoals:1)
  5 deep elf elementalists (Elf:3)
  8 emperor scorpions
  An imperial myrmidon (Desolation)
  2 ghost moths
  7 ghouls
  6 curse skulls
  37 very ugly things
  A juggernaut skeleton (Crypt:1)
  18 ironbound preservers
  10 quicksilver oozes
  2 orc warlords
  A draconian stormcaller (Zot:1)
  9 reapers
  19 stone giants
  2 broodmothers
  4 war gargoyles
  4 green draconians
  9 ironbound thunderhulks
  10 vampire knights
  7 deep elf demonologists
  2 red draconians
  A black draconian (Zot:1)
  6 deep elf annihilators (Elf:3)
  Azrael (D:14)
  3 white draconians
  17 dire elephants
  4 purple draconians (Zot:1)
  13 spark wasps
  A halazid warlock (Desolation)
  A bunyip (shapeshifter) (Depths:3)
  5 eidola
  17 ettins
  15 deep elf death magi
  Josephine (D:14)
  A yellow draconian (Depths:4)
  3 merfolk impalers
  4 blizzard demons (Hell)
  6 crystal guardians
  13 fire dragons
  A fire dragon (shapeshifter) (Depths:2)
  7 merfolk javelineers
  Snorg (D:14)
  9 great orbs of eyes
  4 entropy weavers
  3 mummy priests (Crypt:3)
  9 ragged hierophants (Desolation)
  2 great orbs of eyes (shapeshifter) (Vaults:5)
  A green death (Hell)
  15 jiangshi
  4 deep elf high priests
  3 rakshasas
  11 ice dragons
  29 vault guards
  A hell beast (Depths:3)
  11 yaktaur captains
  4 servants of whispers (Desolation)
  A salamander tyrant (Depths:2)
  An ogre mage (Vaults:5)
  A hydra (D:13)
  8 peacekeepers
  2 spriggan air magi
  2 jorogumos
  2 merfolk avatars
  2 death knights
  A radroach (Spider:4)
  18 centaur warriors
  5 catoblepae
  7 merfolk aquamancers
  8 ironbound frosthearts
  3 satyrs (Shoals:4)
  A bennu skeleton (Crypt:2)
  5 death yaks
  2 fenstrider witch skeletons (Crypt:1)
  6 two-headed ogres
  8 boulder beetles
  8 vampire magi
  25 dancing weapons
  7 deep troll earth magi
  10 deep troll shamans
  10 tengu warriors
  3 hell hogs
  11 soul eaters
  A titan zombie (Crypt:2)
  25 hell knights
  2 orc high priests (Orc:2)
  4 salamander mystics
  7 sun demons
  9 spriggan berserkers
  14 deep elf knights
  12 pharaoh ants
  5 shadow wraiths
  9 skeletal warriors
  A fire crab (D:10)
  A spark wasp zombie (Depths:3)
  A titan skeleton (Crypt:2)
  75 deep trolls
  8 steelbarb worms
  8 iron trolls
  14 sea snakes
  3 bunyip skeletons
  7 flayed ghosts
  2 bog bodies
  3 anaconda zombies (Hell)
  2 glowing orange brains
  A golden dragon zombie (Depths:3)
  8 wizards
  8 deep elf archers
  A spriggan simulacrum (Crypt:3)
  6 orb spiders
  16 lindwurms
  21 deep elf pyromancers
  20 harpies
  19 ironbound convokers
  5 orc knights
  12 necromancers
  16 phantasmal warriors
  33 deep elf zephyrmancers
  12 wolf spiders
  6 orc sorcerers
  23 manticores
  A tengu zombie (Vaults:4)
  2 oklob plants (Lair:3)
  14 cyclopes
  A stone giant zombie (Vaults:4)
  6 shining eyes
  17 salamanders
  54 ugly things
  A toenail golem (Volcano)
  A goliath frog skeleton (Crypt:1)
  2 moths of wrath (shapeshifter) (Vaults:5)
  6 nameless horrors
  2 shadow dragon skeletons
  2 tengu skeletons
  A sphinx skeleton (D:15)
  10 moths of wrath
  Maurice (D:10)
  18 vault sentinels
  6 elephants (Lair:5)
  A frost giant skeleton (Vaults:4)
  25 fauns
  12 merfolk sirens
  11 rust devils
  4 eyes of devastation
  An eye of devastation (shapeshifter) (Depths:2)
  2 ice statues (Hell)
  14 smoke demons
  2 guardian serpents (Desolation)
  12 cane toads
  9 molten gargoyles
  9 water nymphs
  2 black mambas
  An orange demon (Depths:2)
  A gargoyle (D:9)
  A dire elephant zombie (Crypt:2)
  2 unseen horrors
  3 torpor snails
  3 rime drakes
  9 demonic crawlers
  A death yak zombie (Crypt:3)
  A hellion (Hell)
  Psyche (D:11)
  A sea snake zombie (Hell)
  4 efreet
  An ice devil (Hell)
  5 komodo dragons
  36 yaktaurs
  10 freezing wraiths
  13 guardian mummies
  A grey draconian zombie (Crypt:3)
  An alligator snapping turtle skeleton (Crypt:2)
  3 tormentors
  3 yaktaur skeletons
  4 tengu conjurers
  An unseen horror skeleton (Crypt:2)
  A hydra zombie (Hell)
  2 harpy zombies
  A red draconian skeleton (Crypt:3)
  A black draconian skeleton (Crypt:3)
  A meliai (shapeshifter) (D:13)
  4 spriggan skeletons
  31 merfolk
  7 trolls
  A green draconian skeleton (Crypt:1)
  3 meliai (Spider:2)
  Grinder (D:6)
  A tyrant leech (shapeshifter) (Vaults:5)
  5 polar bears (Lair:5)
  A culicivora zombie (Crypt:3)
  8 wind drakes
  46 saltlings (Desolation)
  2 sphinx simulacra
  7 hornets
  21 blink frogs
  13 snapping turtles
  A dream sheep (shapeshifter) (Depths:2)
  9 dream sheep
  34 tarantellas
  A great orb of eyes zombie (Crypt:1)
  14 jumping spiders
  108 slime creatures
  2 air elementals
  12 flying skulls (Crypt:1)
  A shadow (D:10)
  2 centaur simulacra
  17 spriggans
  19 culicivoras
  An alligator skeleton (Hell)
  23 water elementals
  12 wraiths
  A ynoxinul (Depths:2)
  An ushabti (Crypt:3)
  A yak (shapeshifter) (D:13)
  2 wyverns (D:9)
  5 basilisks
  A wyvern (shapeshifter) (Vaults:4)
  4 golden eyes (Slime:1)
  63 yaks
  4 humans (D:14)
  3 fire bats (Depths:2)
  14 fire elementals
  2 hogs (D:14)
  2 redbacks (shapeshifter)
  9 vampire mosquitoes
  62 redbacks
  2 chaos spawn (Depths:2)
  A steam dragon (D:10)
  Menkaure (D:7)
  A swamp worm (shapeshifter) (Depths:3)
  2 glowing shapeshifter zombies (Vaults:5)
  A naga zombie (Crypt:3)
  A warg (Crypt:3)
  A cane toad zombie (Crypt:3)
  3 acid dragons
  A hydra simulacrum (Hell)
  9 water moccasins
  A hell hound (D:14)
  A floating eye (Depths:2)
  A glowing shapeshifter skeleton (D:15)
  31 orc warriors
  An ice beast (D:5)
  4 black bears
  An elephant zombie (Crypt:1)
  4 ogres
  An alligator simulacrum (Hell)
  5 boggarts (Lair:5)
  9 centaurs
  17 wolves (Lair:5)
  2 human skeletons
  A lindwurm skeleton (Crypt:3)
  2 yaktaur zombies
  6 bullfrogs
  4 kobold brigands
  5 necrophages
  4 gnoll sergeants
  3 scorpions
  8 earth elementals
  A two-headed ogre simulacrum (Hell)
  9 wights
  A polar bear zombie (Crypt:2)
  8 howler monkeys
  2 electric eels (Spider:3)
  A centaur zombie (Crypt:1)
  Crazy Yiuf (D:6)
  A bullfrog skeleton (Crypt:1)
  6 hounds
  3 jellies
  A gnoll bouda (D:3)
  19 orc priests
  7 iguanas
  Ijyb (D:5)
  A basilisk skeleton (Crypt:2)
  43 orc wizards
  A killer bee zombie (Crypt:2)
  33 gnolls
  14 adders
  A river rat (D:3)
  A swamp drake skeleton (Crypt:2)
  A white imp (D:7)
  3 worms
  89 orcs
  18 endoplasms
  17 giant cockroaches
  A gnoll zombie (Crypt:3)
  13 goblins
  10 hobgoblins
  14 jackals (D:3)
  41 kobolds
  13 quokkas
  20 ball pythons
  6 bats
  10 frilled lizards
  A frilled lizard zombie (Crypt:2)
  A goblin zombie (Crypt:1)
  5 rats
  3 fire vortices (Volcano)
  40 fungi
  305 plants
  2 starspawn tentacles (Shoals:1)
  11 tentacles (Shoals:3)
  4 toadstools (D:1)
  8 withered plants (D:15)
3057 creatures vanquished.

Notes
Turn   | Place    | Note
-------+----------+-------------------------------------------
     0 | D:1      | jfcaron the Draconian Air Elementalist began the quest for
                  | the Orb.
     0 | D:1      | Reached XP level 1. HP: 14/14 MP: 3/3
   283 | D:1      | Reached XP level 2. HP: 14/20 MP: 1/5
   318 | D:1      | Learned a level 2 spell: Static Discharge
  1552 | D:2      | Reached XP level 3. HP: 26/26 MP: 4/6
  2840 | D:3      | HP: 2/26 [hound (5)]
  2871 | D:3      | Reached XP level 4. HP: 30/33 MP: 4/8
  2879 | D:3      | Learned a level 4 spell: Airstrike
  3202 | D:3      | Found a glowing drain.
  3209 | Sewer    | Entered a sewer
  3387 | Sewer    | Reached XP level 5. HP: 38/38 MP: 5/9
  4318 | Sewer    | Reached XP level 6. HP: 36/45 MP: 0/10
  4726 | D:3      | Learned a level 3 spell: Swiftness
  5254 | D:3      | Identified the +1 pair of gloves of the Nightingale {Harm
                  | +Blink Fly rCorr}
  5789 | D:3      | Reached skill level 5 in Conjurations
  5880 | D:3      | Your scales start taking on a dull iron-grey colour.
  5880 | D:3      | Reached XP level 7. HP: 50/50 MP: 7/12
  6055 | D:3      | Reached skill level 1 in Fighting
  7110 | D:4      | Found a staircase to the Ecumenical Temple.
  7121 | Temple   | Entered the Ecumenical Temple
  7242 | Temple   | Became a worshipper of Vehumet
  7548 | D:4      | Identified the amulet of Isef {RegenMP rN+ Will++}
  7847 | D:4      | Reached skill level 1 in Evocations
  8055 | D:5      | Entered Level 5 of the Dungeon
  8056 | D:5      | Identified a scroll of acquirement
  8056 | D:5      | Acquired a staff of conjuration
  8066 | D:5      | Noticed Ijyb
  8078 | D:5      | Killed Ijyb
  8444 | D:5      | Found an iron altar of Okawaru.
  8527 | D:5      | Learned a level 1 spell: Apportation
  8711 | D:5      | Reached XP level 8. HP: 61/61 MP: 13/15
  8729 | D:5      | Reached * piety under Vehumet
  8729 | D:5      | Offered knowledge of Magic Dart by Vehumet.
  8732 | D:5      | Learned a level 1 spell: Magic Dart
  8750 | D:5      | Reached skill level 1 in Staves
  8750 | D:5      | Reached skill level 5 in Spellcasting
  8754 | D:5      | Reached skill level 5 in Air Magic
  9656 | D:6      | Noticed a two-headed ogre
  9667 | D:6      | Killed a two-headed ogre
  9668 | D:6      | Reached skill level 5 in Staves
  9668 | D:6      | Reached skill level 5 in Evocations
  9668 | D:6      | Reached XP level 9. HP: 63/72 MP: 13/16
  9779 | D:6      | Noticed Grinder
  9793 | D:6      | Killed Grinder
  9794 | D:6      | Reached skill level 5 in Fighting
 10057 | D:6      | Found a runed translucent door.
 10058 | D:6      | Noticed Crazy Yiuf
 10065 | D:6      | Killed Crazy Yiuf
 10187 | D:7      | Reached skill level 10 in Fighting
 10187 | D:7      | Reached XP level 10. HP: 94/94 MP: 17/17
 10355 | D:7      | Offered knowledge of Foxfire by Vehumet.
 10369 | D:7      | Reached ** piety under Vehumet
 10396 | D:7      | Learned a level 2 spell: Blink
 10505 | D:7      | Noticed Menkaure
 10511 | D:7      | Killed Menkaure
 10965 | D:7      | Reached skill level 1 in Translocations
 11042 | D:8      | Found a flagged portal.
 11053 | D:8      | Offered knowledge of Dazzling Flash by Vehumet.
 11079 | Bailey   | Entered a bailey
 11150 | Bailey   | Reached *** piety under Vehumet
 11274 | Bailey   | Reached skill level 1 in Earth Magic
 11453 | Bailey   | Offered knowledge of Frozen Ramparts by Vehumet.
 12069 | D:8      | Reached skill level 2 in Earth Magic
 12772 | D:9      | Noticed a two-headed ogre
 12776 | D:9      | Reached **** piety under Vehumet
 12779 | D:9      | Reached XP level 11. HP: 101/101 MP: 16/18
 12782 | D:9      | Killed a two-headed ogre
 12782 | D:9      | Offered knowledge of Yara's Violent Unravelling by Vehumet.
 12783 | D:9      | Reached skill level 10 in Staves
 12783 | D:9      | Reached skill level 3 in Earth Magic
 12788 | D:9      | Reached skill level 4 in Earth Magic
 12951 | D:9      | Learned a level 6 spell: Iron Shot
 13143 | D:9      | Noticed a two-headed ogre
 13156 | D:9      | Reached skill level 5 in Earth Magic
 13158 | D:9      | Killed a two-headed ogre
 13159 | D:9      | Reached skill level 6 in Earth Magic
 13187 | D:9      | Found the +6 shillelagh "Devastator" {shatter}
 13235 | D:9      | Reached skill level 7 in Earth Magic
 13682 | D:10     | Entered Level 10 of the Dungeon
 13682 | D:10     | Found a transporter.
 14333 | D:10     | Found a transporter.
 14374 | D:10     | Found a transporter.
 14429 | D:10     | Noticed Maurice
 14442 | D:10     | Killed Maurice
 14461 | D:10     | Reached skill level 8 in Earth Magic
 14775 | D:10     | Found a transporter.
 14785 | D:10     | Found a transporter.
 14790 | D:10     | Found a transporter.
 15049 | D:11     | Noticed a fire crab
 15065 | D:10     | Killed a fire crab
 15203 | D:11     | Found a staircase to the Lair.
 15265 | D:11     | Noticed a two-headed ogre
 15271 | D:11     | Killed a two-headed ogre
 15374 | D:11     | Noticed Psyche
 15376 | D:11     | Killed Psyche
 15377 | D:11     | Reached skill level 9 in Earth Magic
 16492 | D:12     | Reached XP level 12. HP: 91/110 MP: 14/19
 16663 | D:12     | HP: 22/110 [slime creature (8)]
 16975 | D:12     | Reached skill level 10 in Earth Magic
 17035 | D:12     | Reached ***** piety under Vehumet
 17097 | D:12     | Identified the +5 trident of Prudence {venom, rC+ MP+9 SInv
                  | Stlth+}
 17328 | D:12     | Found a staircase to the Orcish Mines.
 17349 | D:12     | Offered knowledge of Lee's Rapid Deconstruction by Vehumet.
 17692 | D:12     | Noticed a boulder beetle
 17706 | D:12     | Killed a boulder beetle
 17935 | D:12     | Noticed a boulder beetle
 17948 | D:12     | Killed a boulder beetle
 18196 | D:12     | Reached skill level 10 in Conjurations
 18543 | Lair:1   | Entered Level 1 of the Lair of Beasts
 18892 | Lair:1   | HP: 19/110 [yak (5)]
 18927 | Lair:1   | Learned a level 5 spell: Lee's Rapid Deconstruction
 19899 | Lair:2   | Found a dark tunnel.
 19922 | Volcano  | Entered a volcano
 20377 | Volcano  | Reached XP level 13. HP: 116/116 MP: 3/25
 21004 | Lair:2   | Found a hole to the Spider Nest.
 21571 | Lair:3   | Reached skill level 10 in Spellcasting
 21967 | Lair:3   | Found a staircase to the Shoals.
 22158 | Lair:3   | Found a blossoming altar of Fedhas.
 22665 | Lair:4   | Offered knowledge of Olgreb's Toxic Radiance by Vehumet.
 22709 | Lair:4   | Found a staircase to the Slime Pits.
 23245 | Lair:4   | Reached skill level 11 in Earth Magic
 23849 | Lair:5   | Entered Level 5 of the Lair of Beasts
 24015 | Lair:4   | Reached skill level 5 in Dodging
 24199 | Lair:5   | Identified the +6 great mace of Hekir {venom, rElec Will-
                  | rCorr}
 24272 | Lair:4   | HP: 23/116 [/static electricity (4)]
 24273 | Lair:4   | HP: 6/116 [yak (11)]
 24748 | Lair:5   | Reached skill level 12 in Earth Magic
 24771 | Lair:5   | Reached XP level 14. HP: 124/124 MP: 15/28
 25522 | Lair:5   | Reached skill level 13 in Earth Magic
 25821 | Lair:5   | Offered knowledge of Freezing Cloud by Vehumet.
 25826 | Lair:5   | Reached skill level 1 in Shields
 26122 | Lair:5   | Acquired jfcaron's Monograph on the Unstable Atmosphere
 26222 | Lair:5   | Identified the +1 chain mail "Pafa" {Dex+4}
 26864 | Orc:1    | Entered Level 1 of the Orcish Mines
 26930 | Orc:1    | Found Buunuw's General Store.
 27128 | Orc:2    | Entered Level 2 of the Orcish Mines
 27153 | Orc:2    | Found a staircase to the Elven Halls.
 27539 | Orc:2    | Offered knowledge of Conjure Ball Lightning by Vehumet.
 27565 | Orc:2    | Reached skill level 5 in Shields
 27945 | Orc:2    | Found Wuebby's General Store.
 27945 | Orc:2    | Found Pis Laosimi's Book Boutique.
 28150 | Orc:1    | Found Adar Viffep's Book Emporium.
 28220 | Orc:1    | Found Ciusazew's General Store.
 28419 | Orc:2    | Found Jirija Zudu's Armour Boutique.
 28423 | Orc:2    | Found Ucluloax's Antique Weapon Shop.
 28426 | Orc:2    | Bought 2 potions of heal wounds for 150 gold pieces
 28467 | Orc:2    | Bought a scroll of fog for 60 gold pieces
 28467 | Orc:2    | Bought a scroll of teleportation for 45 gold pieces
 28529 | Orc:1    | Bought a book of Dangerous Friends for 560 gold pieces
 28819 | D:13     | Reached skill level 14 in Earth Magic
 28821 | D:13     | Reached skill level 1 in Summonings
 29248 | D:13     | Found a gate to the Vaults.
 29465 | D:13     | Reached XP level 15. HP: 122/129 MP: 19/29
 29601 | D:13     | HP: 24/129 [manticore/volley of spikes (22)]
 30525 | D:14     | Noticed a storm dragon
 30526 | D:14     | Found a runed translucent gate.
 30527 | D:14     | Found a runed translucent gate.
 30528 | D:14     | Found a runed translucent gate.
 30529 | D:14     | Noticed Nucishy's ghost (adept DrAE)
 30557 | D:14     | Reached skill level 15 in Earth Magic
 30575 | D:14     | Noticed Kirke
 30579 | D:14     | Killed Kirke
 30580 | D:14     | Reached skill level 5 in Summonings
 30621 | D:14     | Noticed Josephine
 30625 | D:14     | Killed Josephine
 30652 | D:14     | Offered knowledge of Iskenderun's Battlesphere by Vehumet.
 30669 | D:14     | Learned a level 5 spell: Iskenderun's Battlesphere
 31202 | D:14     | Noticed Snorg
 31205 | D:14     | Killed Snorg
 31413 | D:14     | Noticed Azrael
 31421 | D:14     | Killed Azrael
 31478 | D:14     | Found a portal to a secret trove of treasure.
 31575 | D:15     | Entered Level 15 of the Dungeon
 31772 | D:15     | Found a staircase to the Depths.
 32060 | D:15     | Found a shimmering blue altar of Sif Muna.
 32934 | Spider:1 | Entered Level 1 of the Spider Nest
 33613 | Spider:1 | Reached skill level 15 in Conjurations
 33651 | Spider:1 | Identified the +4 chain mail of Feasting {rF+ Str+4 Dex-2}
 34136 | Spider:2 | Reached XP level 16. HP: 104/137 MP: 24/30
 34159 | Spider:1 | Offered knowledge of Lightning Bolt by Vehumet.
 34547 | Spider:2 | Reached ****** piety under Vehumet
 35584 | Spider:3 | Learned a level 7 spell: Spellforged Servitor
 36106 | Spider:4 | Entered Level 4 of the Spider Nest
 36433 | Spider:4 | Noticed Nikola
 36473 | Spider:4 | Killed Nikola
 36893 | Spider:4 | Offered knowledge of Maxwell's Capacitive Coupling by
                  | Vehumet.
 37697 | Spider:4 | Identified the +9 flail of Okawaru's Grace {spect, rC+}
 38101 | Spider:4 | Reached XP level 17. HP: 142/146 MP: 30/34
 38150 | Spider:4 | HP: 28/146 [ghost moth (13)]
 38599 | Spider:4 | Got a gossamer rune of Zot
 39207 | Shoals:1 | Entered Level 1 of the Shoals
 39486 | Shoals:1 | Acquired the +0 pair of boots "Hobidara" {Str+4 SInv}
 39488 | Shoals:1 | Acquired the +2 pair of boots "Ubokk" {rElec rCorr Dex+5}
 39579 | Shoals:1 | Offered knowledge of Lehudib's Crystal Spear by Vehumet.
 39579 | Shoals:1 | Offered knowledge of Polar Vortex by Vehumet.
 39579 | Shoals:1 | Offered knowledge of Ignition by Vehumet.
 39787 | Shoals:1 | Noticed Mlioglotl
 39795 | Shoals:1 | Killed Mlioglotl
 39806 | Shoals:1 | Noticed Aizul
 39984 | Shoals:1 | Killed Aizul
 40581 | Shoals:1 | Found a runed translucent gate.
 40581 | Shoals:1 | Found a runed translucent gate.
 40581 | Shoals:1 | Found a runed translucent gate.
 40581 | Shoals:1 | Found the +7 Spriggan's Knife {stab, EV+4 Stlth+}
 40581 | Shoals:1 | Noticed SirDiesAlot's ghost (journeyman DsGl)
 40598 | Shoals:1 | Found the +12 glaive of Prune {vorpal}
 40967 | Shoals:2 | Noticed Ilsuiw
 41012 | Shoals:2 | Killed Ilsuiw
 41762 | Shoals:2 | Noticed Polyphemus
 41770 | Shoals:2 | Killed Polyphemus
 42375 | Shoals:3 | Reached skill level 16 in Earth Magic
 42686 | Shoals:3 | Reached XP level 18. HP: 76/157 MP: 36/36
 43211 | Shoals:3 | Identified the +10 plate armour of Day {rPois rC- Dex+2}
 43524 | Shoals:3 | Acquired 852 gold pieces
 43896 | Shoals:4 | Entered Level 4 of the Shoals
 44109 | Shoals:4 | HP: 30/158 [merfolk/+0 trident (8)]
 44422 | Shoals:4 | Identified the +2 robe of Ysum {Fly Dex-2 Stlth+}
 45535 | Shoals:4 | Got a barnacled rune of Zot
 45999 | Shoals:4 | Identified the +1 ring mail of Lies {rC+ Regen+ Dex-4 SInv}
 46409 | Shoals:1 | Killed SirDiesAlot's ghost
 46707 | D:14     | Reached skill level 17 in Earth Magic
 46710 | D:14     | Killed Nucishy's ghost
 46863 | Elf:1    | Entered Level 1 of the Elven Halls
 47590 | Elf:1    | Found Apyor's Jewellery Shop.
 47812 | Elf:1    | Got Xamun's Octavo of Concussion
 48364 | Elf:2    | Paralysed by an air elemental for 1 turns
 48370 | Elf:2    | Paralysed by an air elemental for 1 turns
 48393 | Elf:2    | Reached XP level 19. HP: 147/168 MP: 23/37
 48534 | Elf:2    | Found a runed translucent gate.
 48534 | Elf:2    | Found a runed translucent gate.
 48534 | Elf:2    | Found a runed translucent gate.
 48724 | Elf:2    | Reached skill level 18 in Earth Magic
 49576 | Elf:3    | Entered Level 3 of the Elven Halls
 49830 | Elf:3    | Found a runed translucent door.
 49830 | Elf:3    | Noticed Maidghol's ghost (adept OpAE)
 49845 | Elf:3    | Killed Maidghol's ghost
 50061 | Elf:3    | Noticed Bai Suzhen
 50086 | Elf:3    | Killed Bai Suzhen
 50087 | Elf:3    | Reached skill level 15 in Fighting
 50375 | Elf:3    | Noticed Donald
 50383 | Elf:3    | Killed Donald
 50620 | Elf:3    | Reached skill level 19 in Earth Magic
 51107 | Elf:3    | Reached skill level 10 in Dodging
 51646 | Elf:3    | Got the Folio of the Tarantula
 51776 | Elf:3    | Identified the +4 short sword of the Maze {vamp, Fragile
                  | +Blink rCorr Int+3}
 51781 | Elf:3    | Identified the ring "Neusomen" {rCorr Dex+6}
 51793 | Elf:3    | Identified the +0 leather armour of Weightlessness {Regen+
                  | Int-2 Dex+3 SInv}
 51794 | Elf:3    | Identified the +5 ring mail "Xeffis" {Str+2 Slay+2}
 52006 | Vaults:1 | Entered Level 1 of the Vaults
 52013 | Vaults:1 | Reached skill level 20 in Earth Magic
 52316 | Vaults:1 | Reached XP level 20. HP: 157/178 MP: 28/38
 53364 | Vaults:1 | Reached skill level 21 in Earth Magic
 54210 | Vaults:2 | Found Utegh's Assorted Antiques.
 54228 | Vaults:2 | Learned a level 9 spell: Shatter
 54892 | Vaults:2 | Reached skill level 22 in Earth Magic
 56151 | Vaults:3 | Found a staircase to the Crypt.
 56348 | Vaults:3 | Identified the +1 dagger of Patience {antimagic, rElec
                  | Dex+2 Stlth+}
 56520 | Vaults:3 | Found Zexy's Antique Armour Emporium.
 56524 | Vaults:3 | Reached skill level 23 in Earth Magic
 56738 | Vaults:3 | Reached XP level 21. HP: 170/184 MP: 28/39
 56939 | Vaults:3 | Found Zanas's Antique Weapon Shoppe.
 57464 | Vaults:4 | Found a crumbling gateway.
 57483 | Desolati | Entered the Desolation of Salt
 57585 | Desolati | Reached skill level 24 in Earth Magic
 57695 | Desolati | Identified the ring "Guases" {rF+ MP-9 Dex+5}
 57719 | Desolati | Got Oxtoraif's Monograph on Metamorphosis
 57759 | Desolati | Identified the amulet of Bihimaxt {Spirit Harm rF+ Dex+3}
 58125 | Desolati | Got the Handbook of the Bloody Impact
 58127 | Desolati | Identified the +5 rapier of Magnificence {freeze, Fragile
                  | rN++ rCorr SInv}
 58184 | Desolati | Identified the +0 swamp dragon scales of the Soldier
                  | {Rampage rPois}
 58772 | Vaults:4 | Reached skill level 25 in Earth Magic
 58957 | Vaults:4 | Noticed a golden dragon
 58961 | Vaults:4 | Killed a golden dragon
 59182 | Vaults:4 | Found Oleyter's Antique Armour Emporium.
 59190 | Vaults:4 | Bought a runed buckler for 330 gold pieces
 59668 | Vaults:4 | Reached skill level 26 in Earth Magic
 59680 | Vaults:4 | Reached XP level 22. HP: 179/192 MP: 18/40
 61016 | Crypt:1  | Entered Level 1 of the Crypt
 61043 | Crypt:1  | Noticed Jory
 61153 | Crypt:1  | Killed Jory
 61686 | Crypt:1  | Reached skill level 27 in Earth Magic
 62100 | Crypt:2  | Noticed a dread lich
 62143 | Crypt:2  | Killed a dread lich
 62259 | Crypt:2  | Identified the +5 sling of Saun {vorpal, *Corrode rF+ rN+}
 63090 | Crypt:3  | Entered Level 3 of the Crypt
 63111 | Crypt:3  | Noticed Saint Roka
 63115 | Crypt:3  | Killed Saint Roka
 63119 | Crypt:3  | HP: 35/193 [??? (26)]
 63693 | Crypt:3  | Found a staircase to the Tomb.
 64070 | Crypt:3  | Found a basalt altar of Yredelemnul.
 64070 | Crypt:3  | Found an ancient bone altar of Kikubaaqudgha.
 64070 | Crypt:3  | Noticed a curse toe
 64076 | Crypt:3  | Killed a curse toe
 64133 | Crypt:3  | Got Sif Muna's Grimoire of the Loofah
 64136 | Crypt:3  | Identified the +10 plate armour of the Engineer {Drain rF+
                  | rN+ Int+2}
 64137 | Crypt:3  | Identified the ring of the Six Allies {rN+ rCorr}
 64137 | Crypt:3  | Identified the ring of the Will of the Gods {Fly rN+ SInv}
 64147 | Crypt:3  | Got Yrgho's Vellum of the Grave
 64381 | Crypt:3  | Identified the +1 falchion "Ogrebane" {vorpal, rElec}
 64975 | Slime:1  | Entered Level 1 of the Pits of Slime
 64975 | Slime:1  | You are sucked into a shaft and drop 1 floor!
 64979 | Slime:2  | Reached XP level 23. HP: 200/200 MP: 18/41
 65223 | Slime:3  | Gained mutation: Your flesh is heat resistant. (rF+) [a
                  | shining eye]
 65375 | Slime:5  | Entered Level 5 of the Pits of Slime
 65463 | Slime:5  | Found a viscous altar of Jiyva.
 65469 | Slime:5  | Noticed the Royal Jelly
 65471 | Slime:5  | Gained mutation: You are dopey. (Int -2) [a shining eye]
 65483 | Slime:5  | Reached skill level 15 in Spellcasting
 65483 | Slime:5  | Killed the Royal Jelly
 65483 | Slime:5  | HP: 39/202 [acid blob[the Royal Jelly] (14)]
 66106 | Slime:5  | Got the Folio of the Inferno
 66120 | Slime:5  | Identified the +1 ring mail of Limitation {rN+ Str+2}
 66171 | Slime:5  | Identified the +4 flail "Eproutz" {vorpal, rPois}
 66173 | Slime:5  | Got a slimy rune of Zot
 66504 | Depths:1 | Entered Level 1 of the Depths
 67078 | Depths:1 | Reached skill level 10 in Shields
 67079 | Depths:1 | Found the +8 trishula "Condemnation" {holy, anguish, *Noise
                  | Fly rN+}
 67079 | Depths:1 | Found a gateway to Hell.
 67159 | Depths:1 | Found a sacrificial altar of Ru.
 67630 | Depths:2 | Reached XP level 24. HP: 187/212 MP: 42/42
 68040 | Depths:2 | Noticed Grunn
 68046 | Depths:2 | Killed Grunn
 68065 | Depths:2 | HP: 39/209 [Tzitzimitl/bolt of negative energy[a doom
                  | hound] (5)]
 68068 | Depths:2 | HP: 19/209 [???[a doom hound] (11)]
 68074 | Depths:2 | HP: 15/209 [???[a doom hound] (7)]
 68801 | Depths:2 | Found a one-way gate leading to the halls of Pandemonium.
 69687 | Depths:2 | Reached skill level 10 in Evocations
 69890 | Depths:2 | Identified the +11 long sword "Piqijigh" {flame, rElec rF-
                  | Str+8 SInv Stlth-}
 70340 | Depths:3 | Found a one-way gate to the infinite horrors of the Abyss.
 70913 | Depths:3 | Identified the +8 plate armour of the Blind Marksman {Str+2
                  | Dex+3 Stlth+}
 71122 | Depths:3 | Reached XP level 25. HP: 204/223 MP: 33/43
 71269 | Depths:3 | Found a stormy altar of Qazlal.
 71345 | Depths:3 | Found a one-way gateway to a ziggurat.
 71841 | Depths:4 | Entered Level 4 of the Depths
 71922 | Depths:4 | Noticed Boris
 71925 | Depths:4 | Killed Boris
 71959 | Depths:4 | HP: 29/224 [fire giant/fireball (16)]
 71961 | Depths:4 | HP: 14/224 [fire giant/bolt of fire (11)]
 71968 | Depths:4 | HP: 38/224 [fire dragon (2)]
 72995 | Depths:4 | Found a gate to the Realm of Zot.
 73122 | Depths:4 | Found Cikomi's Specific Store.
 73126 | Depths:4 | Found Pigaij's General Store.
 73130 | Depths:4 | Bought a potion of cancellation for 176 gold pieces
 73130 | Depths:4 | Bought a scroll of teleportation for 66 gold pieces
 73857 | Vaults:5 | Entered Level 5 of the Vaults
 74345 | Vaults:5 | Identified the +4 glaive "Arreenue" {vorpal, rF++}
 74463 | Vaults:5 | Identified the +8 triple sword of the Whelk {venom, rN+}
 74508 | Vaults:5 | Identified the amulet "Lukecw" {Acrobat rPois Will- Str+6
                  | Dex-5}
 74515 | Vaults:5 | Noticed a dread lich
 74519 | Vaults:5 | Killed a dread lich
 74520 | Vaults:5 | Reached XP level 26. HP: 59/234 MP: 32/44
 75184 | Vaults:5 | Got a silver rune of Zot
 75638 | Vaults:5 | Identified the +3 shortbow of Elaghill {freeze, Fly Will+++
                  | Str+2 Dex-2}
 75648 | Vaults:5 | Got the Textbook on Tainted Combat Magic
 75656 | Vaults:5 | Got the Enchiridion on the Birds
 75670 | Vaults:5 | Got the Discursus on Firn
 75675 | Vaults:5 | Identified the amulet of Qaebrois {rElec Regen+ rCorr MP+9}
 75685 | Vaults:5 | Identified the ring "Teykof" {Fly rElec Str+3}
 76154 | Vaults:5 | Learned a level 6 spell: Statue Form
 76162 | Vaults:5 | Learned a level 7 spell: Orb of Destruction
 76214 | Vaults:5 | Learned a level 2 spell: Passwall
 76764 | Hell     | Entered the Vestibule of Hell
 76764 | Hell     | Noticed Geryon
 76776 | Hell     | Killed Geryon
 77023 | Hell     | Found a gateway to the Iron City of Dis.
 77084 | Hell     | Found a gateway to the ashen valley of Gehenna.
 77181 | Hell     | Found a gateway to the decaying netherworld of Tartarus.
 77238 | Hell     | Found a gateway to the freezing wastes of Cocytus.
 77422 | D:14     | You paid a toll of the horn of Geryon to enter a treasure
                  | trove
 77423 | Trove    | Entered a treasure trove
 77430 | Trove    | Identified the ring "Baoleppeteph" {Ice rElec rN++ Str-4
                  | Dex+3}
 77435 | Trove    | Identified the ring "Nikkuic" {Ice Will+++ Str-5 Int-2
                  | Dex+3}
 77437 | Trove    | Identified the +3 lajatang of Ullipet {venom, rCorr}
 77447 | Trove    | Identified the +2 war axe of Salt {chaos, *Rage rPois rF-
                  | Int+10}
 77449 | Trove    | Identified the ring "Jeokenen" {Ice Contam rCorr SInv
                  | Stlth+}
 77651 | Zot:1    | Entered Level 1 of the Realm of Zot
 77873 | Zot:1    | Reached skill level 15 in Dodging
 77893 | Zot:1    | HP: 36/238 [golden dragon/bolt of fire (12)]
 77895 | Zot:1    | Killed from afar by a purple draconian shifter

Illustrated notes

Levels and vault maps discovered:
D:1:      tarquinn_simple_flora_water_b, layout_basic, minmay_gold_behind_fungi
D:2:      minmay_wonky_spiral, layout_basic
D:3:      lemuel_castle_with_subvaults [lemuel_castle_interior_carwin_2],
          layout_loops_cross, portal_sewer_entry_e, minmay_shallow_snake_nest
D:4:      cheibrodos_helix_gallery, layout_loops_corners,
          minmay_temple_entry_wispy
D:5:      layout_basic, okawaru_trees_2, serial_curves, eino_curves_02,
          eino_curves_01, uniq_ijyb
D:6:      layout_loops_ring, dk_noncrumbling_3, uniq_grinder,
          uniq_crazy_yiuf_cottage
D:7:      layout_basic, uniq_menkaure
D:8:      layout_loops_ring, enter_bailey_6
D:9:      layout_rooms, dilly_guarded_unrand_devastator
D:10:     layout_rooms, serial_nicolae_subway, nicolae_sub_station_metal,
          nicolae_sub_station_crystal, nicolae_sub_station_stone, uniq_maurice
D:11:     layout_long_grid, minmay_lair_entry_lava, uniq_psyche
D:12:     layout_basic, david_orc_3, serial_rivers,
          chequers_serial_rivers_micro_a, chequers_serial_rivers_micro_d,
          chequers_serial_rivers_large_a, chequers_serial_rivers_marsh,
          water_maze_lemuel
D:13:     minmay_the_grid_triangle_9x9_rhombus_thin_mashed
          [minmay_the_grid_triangle_9x9_pentomino_pain,
          minmay_the_grid_triangle_9x9_prize_schism,
          minmay_the_grid_triangle_9x9_odd_lines,
          minmay_the_grid_triangle_9x9_limited_checkers], layout_irregular_city,
          david_vaults_5, minmay_misc_feat_columns, solitary_fountain
D:14:     layout_basic, hangedman_decor_opposing, gammafunk_ghost_split,
          nicolae_trove_entry_crystal, uniq_snorg, uniq_azrael, uniq_josephine,
          uniq_kirke
D:15:     gammafunk_depths_entry_grave, layout_irregular_city, led_sif_pool
Temple:   compressed_dpeg_circular_temple
Lair:1:   layout_loops_ring
Lair:2:   layout_chaotic_city, spider_nest_entry_webs,
          nicolae_volcano_entry_lava_flow, infiniplex_staircase_pool_2
Lair:3:   layout_misc_corridors, minmay_shoals_entry_beasts,
          hangedman_tree_tricks, lemuel_fruit_tree
Lair:4:   layout_concentric_octagons, slime_entry_1
Lair:5:   minmay_lair_end_enchanted_forest, layout_hall_layers,
          serial_bayou_shore_b
Shoals:1: layout_shoals, ebering_ghost_rock_garden, uniq_mlioglotl, uniq_aizul
Shoals:2: layout_shoals, uniq_ilsuiw, uniq_polyphemus
Shoals:3: layout_shoals, st_shoals_ruin
Shoals:4: shoals_end_grunt_garden, layout_shoals, shoals_ilsuiw_ice
Spider:1: layout_spider_delve
Spider:2: layout_spider_delve, drop_trap
Spider:3: layout_spider_delve
Spider:4: grunt_spider_rune_circles, drop_trap, uniq_nikola
Slime:1:  layout_caves, special_room [special_room_jelly]
Slime:2:  layout_caves
Slime:3:  layout_caves, nicolae_slime_barrier
Slime:4:  layout_caves
Slime:5
Orc:1:    layout_diamond_mine, serial_shops, shop_statue, shop_statue,
          nicolae_shop_crystal
Orc:2:    st_orc_mages, layout_diamond_mine
Elf:1:    layout_geoelf_grid, serial_shops, nicolae_shop_window_shopping,
          minmay_elf_sorcery
Elf:2:    elven_hall_of_blades_hangedman_original [nicolae_blade_tridents],
          layout_geoelf_octagon, serial_corexii_hall, chequers_hall_statues_y,
          chequers_hall_statues_y, chequers_hall_statues_corner_a
Elf:3:    elf_hall, layout_loops_cross, gammafunk_ghost_grave, uniq_donald,
          uniq_bai_suzhen
Vaults:1: nicolae_vaults_asterisk, vaults_mumra_minichess, v_alt_pattern_6,
          vaults_room_corners, v_misc_12, nicolae_vaults_three_branches,
          vaults_room_door_ring, layout_vaults_omnigrid
Vaults:2: vaults_standard_mumra_lines, nicolae_vaults_network_star, v_rooms_2,
          nicolae_vaults_gold_heap, ontoclasm_vaults_twist,
          nicolae_vaults_network_square, vaults_room_ringed_pool, v_pattern_4,
          nicolae_vaults_little_squares_5, ontoclasm_vaults_hangar,
          ontoclasm_vaults_decontamination, vaults_mumra_chevron_long, v_misc_2,
          vaults_room_pool, layout_vaults_big_cross, serial_shops,
          nicolae_shop_hallway_stairs
Vaults:3: nicolae_vaults_network_quinsquares
          [nicolae_vaults_network_quincunx_subvault,
          nicolae_vaults_network_quincunx_subvault,
          nicolae_vaults_network_quincunx_subvault,
          nicolae_vaults_network_quincunx_subvault], v_misc_11,
          nicolae_vaults_network_periphery, nicolae_vaults_hallways_thing,
          nicolae_vaults_angled_halls, v_rooms_1, ontoclasm_vaults_ligature,
          hangedman_vaults_maws, minmay_crypt_entry_simple_sparse,
          vaults_mumra_minichess_inversion, layout_vaults_omnibox, serial_shops,
          shop, nicolae_shop_stone
Vaults:4: portal_desolation_entry_nicolae_slug, v_misc_9, vaults_mumra_hex,
          st_octagons_1, nicolae_vaults_little_squares_4, vaults_mumra_lcd,
          vaults_room_fancy_cross, v_alt_pattern_6, v_misc_5, vaults_dpeg_cross,
          v_rooms_3, ontoclasm_vaults_hangar, vaults_room_hallway,
          nicolae_vaults_diagonal_hallway_7, layout_vaults_ring, serial_shops,
          nicolae_shop_trees
Vaults:5
Crypt:1:  layout_misc_corridors, uniq_jory
Crypt:2:  layout_basic, grunt_megastairs_2
Crypt:3:  lightli_unholy_cathedral, layout_chaotic_city,
          tomb_entry_pyramid_bobbens, uniq_saint_roka
Depths:1: layout_big_octagon, hellmouth_1, minmay_misc_feat_encased,
          grunt_ministairs_3, minmay_misc_feat_chi,
          nicolae_ru_great_annihilating_truth
Depths:2: kennysheep_large_vault, layout_gridville,
          serial_sigils_hangedman_quiver, grunt_pan_entry_zigzag, hell_entry,
          minmay_starry_boxes, minmay_staircase_bubble, uniq_grunn
Depths:3: grunt_crosshair, layout_honeycomb, enter_ziggurat_c,
          abyss_entry_small_statue_room, serial_glass, glass_columns_c,
          glass_columns_a, nicolae_qazlal_style_of_elements, hellmouth_3
Depths:4: grunt_zot_entry_bicorn, layout_long_grid, rand_demon_pan_entry_8,
          hell_entry, minmay_misc_feat_iff, abyss_entry, nicolae_specific_store,
          hangedman_aviary, uniq_boris
Hell
Zot:1:    layout_onion

Skill      XL: |  1  2  3  4  5  6  7  8  9 10 11 12 13 14 15 16 17 18 19 20 21 22 23 24 25 26 |
---------------+-------------------------------------------------------------------------------+-----
Dodging        | 2 5 7 8 10 12 13 14 15 | 15.0
Stealth        | 2 |  2.0
Conjurations   | 2 3 4 5 7 10 11 13 15 16 17 19 20 21 22 | 22.9
Spellcasting   | 3 4 5 8 10 13 14 15 16 17 | 17.8
Air Magic      | 4 3 4 5 |  5.0
Fighting       | 2 4 10 11 12 13 14 15 16 17 18 19 | 19.7
Evocations     | 1 5 6 9 10 12 13 | 13.6
Staves         | 5 9 10 11 12 | 12.0
Translocations | 2 3 |  3.0
Earth Magic    | 2 9 10 12 14 15 16 17 20 23 26 27 | 27.0
Shields        | 5 7 8 10 11 13 14 | 14.3
Summonings     | 2 8 |  8.0

Action                   |  1- 3 |  4- 6 |  7- 9 | 10-12 | 13-15 | 16-18 | 19-21 | 22-24 | 25-27 || total
-------------------------+-------+-------+-------+-------+-------+-------+-------+-------+-------++-------
Melee: Dagger            |    42 |    52 |       |     6 |       |       |       |       |       ||   100
       Punch             |     1 |       |     1 |       |     3 |       |       |       |       ||     5
       Tailslap          |     1 |     6 |     2 |    31 |    88 |    63 |    89 |    90 |    19 ||   389
       Staff             |       |     2 |    15 |   130 |   487 |   241 |   278 |   349 |   111 ||  1613
       Trident           |       |       |       |     1 |       |       |       |       |       ||     1
Throw: Boomerang         |       |     2 |       |       |       |       |       |       |       ||     2
       Dart              |       |       |       |    15 |     3 |     9 |       |       |       ||    27
       Javelin           |       |       |       |       |       |       |       |     2 |       ||     2
 Cast: Shock             |    85 |   200 |   199 |   395 |   506 |   630 |   534 |   554 |   127 ||  3230
       Static Discharge  |     6 |     7 |    27 |   178 |    98 |    17 |     5 |     8 |       ||   346
       Apportation       |       |       |       |     7 |     1 |       |     1 |     2 |     1 ||    12
       Airstrike         |       |       |       |    17 |    53 |       |       |     4 |       ||    74
       Iron Shot         |       |       |       |    42 |   191 |   239 |   137 |   123 |    97 ||   829
       Lee's Rapid Decon |       |       |       |     3 |    89 |   105 |   122 |    23 |    13 ||   355
       Iskenderun's Batt |       |       |       |       |    17 |    33 |    52 |    21 |    10 ||   133
       Spellforged Servi |       |       |       |       |       |    80 |    62 |    25 |    23 ||   190
       Magic Dart        |       |       |       |       |       |     1 |     9 |     3 |       ||    13
       Shatter           |       |       |       |       |       |       |    39 |   213 |   106 ||   358
Evoke: Wand              |       |       |     1 |     2 |     9 |    27 |     6 |     9 |     4 ||    58
       Tin of tremorston |       |       |       |     4 |     5 |    12 |     7 |    13 |     8 ||    49
       Phantom mirror    |       |       |       |     1 |     4 |     4 |     1 |     1 |       ||    11
       Box of beasts     |       |       |       |     2 |     3 |     2 |     1 |     1 |     2 ||    11
       Condenser vane    |       |       |       |       |     1 |     6 |     6 |     4 |     1 ||    18
       Lightning rod     |       |       |       |       |       |       |     4 |     4 |     8 ||    16
  Use: Scroll            |     6 |     1 |     8 |    15 |     4 |     9 |     2 |     4 |    10 ||    59
       Potion            |     3 |       |     1 |       |     2 |     2 |       |     2 |     5 ||    15
 Stab: Sleeping          |       |     1 |       |       |       |       |       |     1 |       ||     2
       Distracted        |       |       |       |       |       |     3 |     4 |       |     1 ||     8
Armor: Skin              |   113 |    44 |    14 |   134 |   340 |   268 |   179 |   241 |    90 ||  1423
Dodge: Dodged            |    47 |    93 |    27 |   217 |   351 |   358 |   308 |   342 |   164 ||  1907
Block: Buckler           |       |       |       |       |    86 |   138 |   129 |   167 |    56 ||   576
       Kite shield       |       |       |       |       |       |       |       |       |    75 ||    75

Table legend: (Time is in decaauts)
 A = Elapsed time spent in this place.
 B = Non-inter-level travel time spent in this place.
 C = Inter-level travel time spent in this place.
 D = Time resting spent in this place.
 E = Time spent auto-exploring this place.
 F = Levels seen in this place.
 G = Mean time per level.
                   A        B        C        D        E       F      G
               +--------+--------+--------+--------+--------+-----+--------+
         Total |  77583 |  71060 |   6523 |  22007 |  35123 |  58 | 1337.6 |
       Dungeon |  21914 |  19503 |   2411 |   5153 |  11141 |  15 | 1460.9 |
        Temple |    145 |    121 |     24 |      0 |     92 |   1 |  145.0 |
          Lair |   8048 |   7105 |    943 |   2182 |   3755 |   5 | 1609.6 |
        Shoals |   7443 |   7047 |    396 |   2342 |   3575 |   4 | 1860.8 |
   Spider Nest |   5837 |   5544 |    293 |   2562 |   1913 |   4 | 1459.2 |
    Slime Pits |   1297 |   1191 |    106 |    731 |      1 |   5 |  259.4 |
  Orcish Mines |   1884 |   1522 |    362 |    297 |    917 |   2 |  942.0 |
   Elven Halls |   5189 |   4884 |    305 |   1725 |   2191 |   3 | 1729.7 |
        Vaults |  10351 |   9208 |   1143 |   1718 |   5689 |   5 | 2070.2 |
         Crypt |   3369 |   3244 |    125 |    566 |   2000 |   3 | 1123.0 |
        Depths |   7547 |   7144 |    403 |   2690 |   3183 |   4 | 1886.8 |
          Hell |    436 |    427 |      9 |     27 |    347 |   1 |  436.0 |
           Zot |     44 |     44 |      0 |      0 |      0 |   1 |   44.0 |
         Trove |     79 |     79 |      0 |      0 |     25 |   1 |   79.0 |
         Sewer |   1468 |   1468 |      0 |    997 |     52 |   1 | 1468.0 |
        Bailey |    852 |    852 |      0 |    522 |     68 |   1 |  852.0 |
       Volcano |    661 |    661 |      0 |    414 |      0 |   1 |  661.0 |
    Desolation |   1010 |   1010 |      0 |     78 |    174 |   1 | 1010.0 |
               +--------+--------+--------+--------+--------+-----+--------+

Top non-repeatable levels by time:
     D:3: 2450 daAuts
Depths:2: 2436 daAuts
   Elf:3: 2417 daAuts
Vaults:5: 2374 daAuts
Shoals:3: 2368 daAuts
Spider:4: 2358 daAuts
Vaults:2: 2239 daAuts
    D:11: 2169 daAuts
  Lair:4: 2129 daAuts
  Lair:5: 2108 daAuts
Vaults:1: 2072 daAuts
    D:12: 2034 daAuts
Shoals:1: 1931 daAuts
Depths:3: 1896 daAuts
    D:13: 1869 daAuts
